 Dungeon Crawl Stone Soup version 0.21.0-30-g47ce8e4 (webtiles) character file.

218 Inectha the Ducker (level 5, 52/52 HPs)
             Began as a Troll Fighter on Jan 28, 2018.
             Was an Initiate of Gozag.
             Quit the game on level 3 of the Dungeon.
             The game lasted 00:20:35 (1576 turns).

Inectha the Ducker (Troll Fighter)                  Turns: 1576, Time: 00:20:36

Health: 52/52      AC:  5    Str: 23 (25) XL:     5   Next: 63%
Magic:  4/4        EV:  9    Int:  3 (4)  God:    Gozag
Gold:   182        SH:  9    Dex:  9      Spells: 4/4 levels left

rFire    . . .     SeeInvis .     - Unarmed
rCold    . . .     Gourm    +   b - +0 shield
rNeg     . . .     Faith    .   a - +0 robe
rPois    .         Spirit   .   (helmet restricted)
rElec    .         Reflect  .   (no cloak)
rCorr    .         Harm     .   (gloves unavailable)
MR       .....                  (boots unavailable)
Stlth    ++........             (no amulet)
HPRegen  0.57/turn              e - ring of stealth
MPRegen  0.09/turn              (no ring)

@: no status effects
A: large, unfitting armour, claws 3, fast metabolism 3, gourmand, regeneration
1, shaggy fur 1, tough skin 2
a: Potion Petition, Call Merchant, Bribe Branch, Renounce Religion


You were on level 3 of the Dungeon.
You worshipped Gozag.
Gozag was aware of your devotion.
You were full.

You visited 1 branch of the dungeon, and saw 3 of its levels.

You collected 205 gold pieces.
You paid 23 gold pieces to Gozag.

Inventory:

Armour
 a - a +0 robe (worn)
 b - a +0 shield (worn)
Jewellery
 e - a ring of stealth (left claw)
Comestibles
 d - 3 rations


   Skills:
 + Level 2.8 Fighting
 + Level 3.6 Dodging
 + Level 0.4 Stealth
 + Level 3.3 Shields
 + Level 3.4 Unarmed Combat


You had 4 spell levels left.
You didn't know any spells.

Dungeon Overview and Level Annotations

Branches:
Dungeon (3/15)

Altars:
Ashenzari
Gozag


Innate Abilities, Weirdness & Mutations

You are too large for most types of armour.
You have claws for hands.
Your metabolism is lightning-fast.
You like to eat raw meat.
Your natural rate of healing is unusually fast.
You are covered in fur. (AC +1)
You have very tough skin. (AC +2)


Message History

You can't go down here!
(D) Dungeon
Where to? (Enter - D:3, ? - help)
There is a stone staircase leading down here.
You climb downwards.
There is a stone staircase leading up here.
You see here a club.
Things that are here:
a leather armour; a short sword Quiver which item? (- for none, * to show all) (? for menu, Esc to quit)
Okay, then.
You aren't carrying any potions.
Unknown command.
Unknown command.
Unknown command.
Save game and exit?
Welcome back, Inectha the Troll Fighter.
Gozag says: Greed is good.
Press ? for a list of commands and other information.
Are you sure you want to abandon this character and quit the game? (Confirm with "yes".)

..####.##.#######
.................
..####.......####
................#
#.#######.##.##.# #.#
#.##.##.# #.#####
#.##.##.#
#.....###.##.##.####..#
#.###..<...)[...@.....#
#.#
#####...............
#.# ####.##.#.######
..# #.##.#.# ...
#.##.#.# ### #.##.#.#
#.##.#.# #.##.#.. #.#


There were no monsters in sight!

Vanquished Creatures
  A sky beast (D:2)
  5 adders
  2 oozes
  A dart slug (D:1)
  A leopard gecko (D:1)
  An orc (D:3)
  A ball python (D:1)
  4 goblins
  8 hobgoblins
  18 jackals
  A quokka (D:2)
  6 bats
  3 frilled lizards
  7 kobolds
  3 rats (D:2)
62 creatures vanquished.

Notes
Turn   | Place    | Note
-------+----------+-------------------------------------------
     0 | D:1      | Inectha the Troll Fighter began the quest for the Orb.
     0 | D:1      | Reached XP level 1. HP: 22/22 MP: 0/0
   120 | D:1      | Reached XP level 2. HP: 29/29 MP: 1/1
   357 | D:1      | Reached XP level 3. HP: 36/36 MP: 2/2
   579 | D:2      | Found a shattered altar of Ashenzari.
   739 | D:2      | Reached XP level 4. HP: 42/44 MP: 3/3
  1008 | D:2      | Found an opulent altar of Gozag.
  1024 | D:2      | Became a worshipper of Gozag Ym Sagoz the Greedy
  1276 | D:3      | Noticed a sky beast
  1486 | D:2      | Killed a sky beast
  1486 | D:2      | Reached XP level 5. HP: 52/52 MP: 4/4
  1576 | D:3      | Quit the game

Skill      XL: |  1  2  3  4 |
---------------+-------------+-----
Dodging        | 3 |  3.6
Shields        | 3 |  3.3
Unarmed Combat | 3 |  3.4
Fighting       | |  2.8
Stealth        | |  0.4

Action                   |  1- 3 |  4- 6 || total
-------------------------+-------+-------++-------
Melee: Unarmed           |    97 |   100 ||   197
  Use: Scroll            |     3 |     3 ||     6
       Potion            |       |     5 ||     5
 Stab: Sleeping          |     1 |     2 ||     3
  Eat: Chunk             |     9 |     5 ||    14
       Ration            |     1 |       ||     1
Armor: Robe              |    55 |    33 ||    88
       Skin              |       |     4 ||     4
Dodge: Dodged            |    47 |    37 ||    84
Block: Shield            |    62 |    57 ||   119
